[Event "Delancey UK Schools 2019 U14"]
[Site "Daventry"]
[Date "2019.09.24"]
[Round "2.11"]
[White "Saunders, Aron"]
[Black "Britnell, Jonathan"]
[Result "1-0"]
[ECO "C54"]
[WhiteElo "1428"]
[BlackElo "1650"]
[Annotator "NA"]
[PlyCount "83"]
[EventDate "2019.09.24"]
[EventCountry "GBR"]
[SourceTitle "playchess.com"]
[Source "ChessBase"]
[SourceQuality "1"]
[TimeControl "40/5400+30:1800+30"]

1. e4 e5 2. Nf3 Nc6 3. Bc4 Nf6 4. d3 Bc5 5. Bg5 h6 6. Bh4 g5 7. Bg3 d6 8. c3 a6 9. Nbd2 Ne7 10. d4 exd4 11. cxd4 Ba7 12. Qb3 d5 13. exd5 Nfxd5 14. O-O b5 15. Bxd5 Nxd5 16. Rfe1+ Be6 17. Be5 Rg8 18. h3 Qd7 19. Ne4 O-O-O 20. Rac1 Bb6 21. Nc5 Bxc5 22. Rxc5 Kb7 23. Rec1 Rc8 24. a3 c6 25. Qd1 g4 26. Nd2 gxh3 27. g3 f5 28. Nb3 Qd8 29. Qc2 Qb6 30. Kh2 h5 31. a4 h4 32. a5 Qd8 33. Rxc6 Nb4 34. Rb6+ Qxb6 35. Qxc8+ Rxc8 36. axb6 Bxb3 37. Rxc8 Kxc8 38. gxh4 Bf7 39. Kxh3 Nd3 40. f4 Kb7 41. b3 Kxb6 42. Kg3 1-0

[Event "Delancey UK Schools 2019 U14"]
[Site "Daventry"]
[Date "2019.09.24"]
[Round "2.12"]
[White "Woltery, Nicolai"]
[Black "Jayanthi, Harshita"]
[Result "1-0"]
[ECO "A22"]
[WhiteElo "1864"]
[BlackElo "1217"]
[Annotator "NA"]
[PlyCount "62"]
[EventDate "2019.09.24"]
[EventCountry "GBR"]
[SourceTitle "playchess.com"]
[Source "ChessBase"]
[SourceQuality "1"]
[TimeControl "40/5400+30:1800+30"]

1. c4 e5 2. Nc3 Nf6 3. Nf3 d6 4. h3 Be6 5. d3 Nbd7 6. e4 c5 7. Ng5 Qe7 8. g3 h6 9. Nxe6 Qxe6 10. Nb5 Rc8 11. Nxa7 Rc7 12. Bg2 Be7 13. h4 O-O 14. Bh3 Ng4 15. Bxg4 f5 16. Bxf5 Qf7 17. Qg4 Nf6 18. Qg6 Qxg6 19. Bxg6 Ng4 20. Bf5 Bd8 21. Bxg4 Rcf7 22. Be6 Ba5+ 23. Bd2 Bxd2+ 24. Kxd2 Kh8 25. Bxf7 Rxf7 26. Ke3 b6 27. Nb5 Kh7 28. Nxd6 Rf8 29. f4 exf4+ 30. gxf4 Kg6 31. f5+ Kh7 1-0

[Event "Delancey UK Schools 2019 U14"]
[Site "Daventry"]
[Date "2019.09.24"]
[Round "3.1"]
[White "Ratnesan, Ranesh"]
[Black "Kan, Toby"]
[Result "1-0"]
[ECO "A60"]
[WhiteElo "2180"]
[BlackElo "1714"]
[Annotator "ChessBase"]
[PlyCount "67"]
[EventDate "2019.09.24"]
[EventCountry "GBR"]
[SourceTitle "playchess.com"]
[Source "ChessBase"]
[SourceQuality "1"]
[TimeControl "40/5400+30:1800+30"]

1. d4 Nf6 2. c4 c5 3. d5 e6 4. Nc3 exd5 5. cxd5 d6 6. Bf4 Nh5 7. Bd2 g6 8. e4 Bg7 9. Be2 Nf6 10. Be3 a6 11. a4 Nbd7 12. Nf3 O-O 13. Nd2 Re8 14. O-O Rb8 15. Qc2 Qe7 16. h3 b6 17. Rae1 Qd8 18. Bf4 Ne5 19. Bg3 Nh5 20. Bh2 Qh4 21. Bxh5 Qxh5 22. f4 Nd7 23. Nc4 Bf8 24. e5 dxe5 25. fxe5 b5 26. e6 fxe6 27. dxe6 bxc4 28. exd7 Bxd7 29. Bxb8 Rxb8 30. Qf2 Qf5 31. Qg3 Rxb2 32. Rxf5 Bxf5 33. Nd5 Rb3 34. Qe5 1-0

[Event "Delancey UK Schools 2019 U14"]
[Site "Daventry"]
[Date "2019.09.24"]
[Round "3.2"]
[White "Cox, Toby"]
[Black "Balaji, Aaravamudhan"]
[Result "0-1"]
[ECO "B07"]
[WhiteElo "1616"]
[BlackElo "2086"]
[Annotator "NA"]
[PlyCount "36"]
[EventDate "2019.09.24"]
[EventCountry "GBR"]
[SourceTitle "playchess.com"]
[Source "ChessBase"]
[SourceQuality "1"]
[TimeControl "40/5400+30:1800+30"]

1. e4 g6 2. d4 Bg7 3. Nc3 d6 4. Be3 Nf6 5. Qd2 c6 6. O-O-O b5 7. Bd3 b4 8. Nce2 a5 9. Bh6 Bxh6 10. Qxh6 Qc7 11. h3 Ba6 12. e5 dxe5 13. dxe5 Qxe5 14. Nf3 Qc5 15. Nf4 a4 16. Kb1 b3 17. cxb3 axb3 18. a3 Bxd3+ 0-1

[Event "Delancey UK Schools 2019 U14"]
[Site "Daventry"]
[Date "2019.09.24"]
[Round "3.3"]
[White "Akeya-Price, Robert"]
[Black "Hosdurga, Chirag"]
[Result "0-1"]
[ECO "E67"]
[WhiteElo "1892"]
[BlackElo "1786"]
[Annotator "NA"]
[PlyCount "56"]
[EventDate "2019.09.24"]
[EventCountry "GBR"]
[SourceTitle "playchess.com"]
[Source "ChessBase"]
[SourceQuality "1"]
[TimeControl "40/5400+30:1800+30"]

1. d4 Nf6 2. c4 g6 3. Nc3 Bg7 4. Nf3 O-O 5. g3 d6 6. Bg2 Nbd7 7. O-O e5 8. dxe5 dxe5 9. Qc2 c6 10. b3 Re8 11. Bb2 Nc5 12. Rad1 Qc7 13. b4 Bf5 14. Qc1 Ncd7 15. Nd2 e4 16. Nb3 Nb6 17. Nb1 e3 18. fxe3 Bh6 19. Qc3 Bg5 20. Nc5 Rxe3 21. Qd4 Rxe2 22. Kh1 Rxb2 23. Qxb2 Nxc4 24. Qd4 Ne3 25. Rfe1 Nfg4 26. Qd6 Qb6 27. Rd4 Rd8 28. Nd7 Rxd7 0-1

[Event "Delancey UK Schools 2019 U14"]
[Site "Daventry"]
[Date "2019.09.24"]
[Round "3.4"]
[White "Weersing, Abigail Riis"]
[Black "Sheikh, Samia Zannat"]
[Result "0-1"]
[ECO "E90"]
[WhiteElo "1734"]
[BlackElo "1512"]
[Annotator "NA"]
[PlyCount "68"]
[EventDate "2019.09.24"]
[EventCountry "GBR"]
[SourceTitle "playchess.com"]
[Source "ChessBase"]
[SourceQuality "1"]
[TimeControl "40/5400+30:1800+30"]

1. d4 c5 2. d5 d6 3. c4 g6 4. Nc3 Nf6 5. e4 Bg7 6. Nf3 Nbd7 7. Bd3 O-O 8. O-O a6 9. Bg5 Ng4 10. Qe2 Nde5 11. Nxe5 Nxe5 12. Bc2 Rb8 13. a4 Qc7 14. Bf4 Bg4 15. f3 Bd7 16. Kh1 h5 17. Rae1 Qa5 18. Bxe5 Bxe5 19. Qe3 Bd4 20. Qd3 b5 21. axb5 axb5 22. Ra1 Qb4 23. cxb5 Qxb2 24. Ra7 Be8 25. Na4 Qxb5 26. Rb1 Qxd3 27. Bxd3 Rxb1+ 28. Bxb1 Bxa4 29. Rxa4 Rb8 30. Bd3 Rb3 31. Bc2 Re3 32. h3 Re1+ 33. Kh2 Be5+ 34. g3 Re2+ 0-1

[Event "Delancey UK Schools 2019 U14"]
[Site "Daventry"]
[Date "2019.09.24"]
[Round "3.5"]
[White "Saidmurodov, Shahjahon"]
[Black "Ismail, Mohammed Aayan"]
[Result "1/2-1/2"]
[ECO "C00"]
[WhiteElo "1782"]
[BlackElo "1583"]
[Annotator "NA"]
[PlyCount "135"]
[EventDate "2019.09.24"]
[EventCountry "GBR"]
[SourceTitle "playchess.com"]
[Source "ChessBase"]
[SourceQuality "1"]
[TimeControl "40/5400+30:1800+30"]

1. e4 e6 2. Nc3 Bb4 3. a3 Bxc3 4. bxc3 Nf6 5. e5 Nd5 6. Qg4 O-O 7. d4 f5 8. Qh3 c5 9. c4 Nc7 10. d5 exd5 11. cxd5 d6 12. Nf3 dxe5 13. Bb2 Qxd5 14. Nd2 Kh8 15. O-O-O Qe6 16. Bc4 Qg6 17. Bxe5 Nba6 18. g4 fxg4 19. Qg3 Bf5 20. Bxc7 Nxc7 21. Qxc7 Bxc2 22. Rde1 Rac8 23. Qe5 Rxf2 24. Rhf1 Rxf1 25. Rxf1 Ba4 26. Qf5 Qxf5 27. Rxf5 h6 28. Rf4 b5 29. Be6 Rd8 30. Bxg4 c4 31. Rf3 a5 32. Bf5 Re8 33. Bc2 Bxc2 34. Kxc2 Re5 35. h3 Kh7 36. a4 bxa4 37. Nxc4 Rc5 38. Rc3 g5 39. Kd3 h5 40. Kd4 Rc6 41. Rg3 Kh6 42. Nxa5 Ra6 43. Nc4 h4 44. Ra3 Kh5 45. Ne3 Ra5 46. Ke4 Ra8 47. Kf3 Rf8+ 48. Kg2 Rf4 49. Nd5 Rf5 50. Ne3 Rf4 51. Rc3 Rf6 52. Ra3 Rf4 53. Ng4 Rb4 54. Nf6+ Kg6 55. Nd5 Rd4 56. Ne3 Rb4 57. Nd5 Rd4 58. Ne3 Rb4 59. Kf3 Rf4+ 60. Ke2 Rb4 61. Kf2 Rf4+ 62. Kg2 Rb4 63. Nd1 g4 64. hxg4 Rxg4+ 65. Kh3 Rg3+ 66. Rxg3+ hxg3 67. Kxg3 a3 68. Nc3 1/2-1/2

[Event "Delancey UK Schools 2019 U14"]
[Site "Daventry"]
[Date "2019.09.24"]
[Round "3.6"]
[White "Sheikh, Anum"]
[Black "Woltery, Nicolai"]
[Result "0-1"]
[ECO "B70"]
[WhiteElo "1755"]
[BlackElo "1864"]
[Annotator "NA"]
[PlyCount "34"]
[EventDate "2019.09.24"]
[EventCountry "GBR"]
[SourceTitle "playchess.com"]
[Source "ChessBase"]
[SourceQuality "1"]
[TimeControl "40/5400+30:1800+30"]

1. e4 c5 2. Nf3 Nc6 3. d4 cxd4 4. Nxd4 g6 5. Nc3 Bg7 6. Nb3 Nf6 7. Be2 d6 8. O-O O-O 9. Bg5 h6 10. Be3 Be6 11. f4 Qd7 12. h3 h5 13. Qd2 Rfd8 14. Rad1 Qc8 15. Bf3 Bc4 16. Rfe1 e6 17. Qf2 d5 0-1

[Event "Delancey UK Schools 2019 U14"]
[Site "Daventry"]
[Date "2019.09.24"]
[Round "3.7"]
[White "Wang, Susie"]
[Black "Clarke, Connor"]
[Result "0-1"]
[ECO "B03"]
[WhiteElo "1515"]
[BlackElo "1711"]
[Annotator "NA"]
[PlyCount "88"]
[EventDate "2019.09.24"]
[EventCountry "GBR"]
[SourceTitle "playchess.com"]
[Source "ChessBase"]
[SourceQuality "1"]
[TimeControl "40/5400+30:1800+30"]

1. e4 Nf6 2. e5 Nd5 3. c4 Nb6 4. d4 d6 5. exd6 exd6 6. Nc3 Nc6 7. Be3 Be7 8. Rc1 O-O 9. Bd3 Re8 10. b3 Bg5 11. d5 Ne5 12. Nf3 Ng4 13. Nxg5 Qxg5 14. O-O Nxe3 15. fxe3 Rxe3 16. Ne4 Rxe4 17. Bxe4 Qe3+ 18. Kh1 Qxe4 19. Re1 Bg4 20. Rxe4 Bxd1 21. Rxd1 Kf8 22. Rde1 Nd7 23. Re7 Rd8 24. Kg1 b6 25. R7e4 Ne5 26. R1e3 g6 27. h3 Kg7 28. Kf2 Re8 29. Rf4 a5 30. Rd4 Re7 31. Rd1 f5 32. Kg3 g5 33. Kf2 h5 34. a3 f4 35. Ree1 g4 36. hxg4 hxg4 37. Re2 g3+ 38. Ke1 Kg6 39. Kf1 Kg5 40. Rde1 Rh7 41. Re4 Rh1+ 42. Ke2 Rh2 43. Kf1 Kf5 44. Rd1 Kxe4 0-1

[Event "Delancey UK Schools 2019 U14"]
[Site "Daventry"]
[Date "2019.09.24"]
[Round "3.10"]
[White "Dicen, Imogen"]
[Black "Saunders, Aron"]
[Result "0-1"]
[ECO "A45"]
[WhiteElo "1509"]
[BlackElo "1428"]
[Annotator "NA"]
[PlyCount "52"]
[EventDate "2019.09.24"]
[EventCountry "GBR"]
[SourceTitle "playchess.com"]
[Source "ChessBase"]
[SourceQuality "1"]
[TimeControl "40/5400+30:1800+30"]

1. d4 Nf6 2. Bg5 g6 3. Bxf6 exf6 4. Nf3 Bg7 5. e4 O-O 6. Bc4 c5 7. c3 Re8 8. Nbd2 d5 9. Bb5 Nc6 10. O-O dxe4 11. Ne1 cxd4 12. cxd4 Qxd4 13. Rb1 a6 14. Nc2 Qd8 15. Be2 Nd4 16. Nc4 Nxe2+ 17. Qxe2 b5 18. Rfd1 Qc7 19. Nd6 Re6 20. Nxc8 Rxc8 21. Nd4 Ree8 22. Qe3 f5 23. Ne2 Red8 24. Rdc1 Qa5 25. Qb3 Rxc1+ 26. Nxc1 Qe1# 0-1

[Event "Delancey UK Schools 2019 U14"]
[Site "Daventry"]
[Date "2019.09.24"]
[Round "3.11"]
[White "Britnell, Jonathan"]
[Black "Yoon, Jacob D"]
[Result "0-1"]
[ECO "C11"]
[WhiteElo "1650"]
[BlackElo "2086"]
[Annotator "NA"]
[PlyCount "54"]
[EventDate "2019.09.24"]
[EventCountry "GBR"]
[SourceTitle "playchess.com"]
[Source "ChessBase"]
[SourceQuality "1"]
[TimeControl "40/5400+30:1800+30"]

1. e4 e6 2. Nf3 d5 3. Nc3 Nf6 4. e5 Nfd7 5. d4 c5 6. dxc5 Nc6 7. Bf4 Bxc5 8. Bd3 f6 9. Qe2 fxe5 10. Nxe5 Ndxe5 11. Bxe5 Nxe5 12. Qxe5 O-O 13. O-O-O Qf6 14. Qxf6 Rxf6 15. f3 Bd7 16. Rhe1 Bb4 17. Re5 Bd6 18. Rh5 g6 19. Rh4 Rc8 20. Kb1 a6 21. Ne2 b5 22. a4 bxa4 23. c4 Rb8 24. cxd5 a3 25. Rd2 exd5 26. Bxa6 Be5 27. b4 Rxa6 0-1

[Event "Delancey UK Schools 2019 U14"]
[Site "Daventry"]
[Date "2019.09.24"]
[Round "3.12"]
[White "Korsinskij, Nikolas"]
[Black "Anika Rachna Roy"]
[Result "1-0"]
[ECO "C45"]
[WhiteElo "1502"]
[BlackElo "1392"]
[Annotator "NA"]
[PlyCount "40"]
[EventDate "2019.09.24"]
[EventCountry "GBR"]
[SourceTitle "playchess.com"]
[Source "ChessBase"]
[SourceQuality "1"]
[TimeControl "40/5400+30:1800+30"]

1. e4 e5 2. Nf3 Nc6 3. Nc3 Nf6 4. d4 exd4 5. Nxd4 Nxd4 6. Qxd4 d6 7. Be3 Be7 8. O-O-O O-O 9. f3 Be6 10. g4 Nd7 11. Nd5 Ne5 12. Nxe7+ Qxe7 13. Be2 a5 14. a3 Rfb8 15. h4 b5 16. h5 b4 17. a4 Rd8 18. b3 c5 19. Qd2 Nc6 20. g5 f5 1-0

[Event "Delancey UK Schools 2019 U14"]
[Site "Daventry"]
[Date "2019.09.24"]
[Round "3.13"]
[White "Headlong, Georgia"]
[Black "Jayanthi, Harshita"]
[Result "1-0"]
[ECO "B01"]
[WhiteElo "1464"]
[BlackElo "1217"]
[Annotator "NA"]
[PlyCount "99"]
[EventDate "2019.09.24"]
[EventCountry "GBR"]
[SourceTitle "playchess.com"]
[Source "ChessBase"]
[SourceQuality "1"]
[TimeControl "40/5400+30:1800+30"]

1. e4 d5 2. exd5 Qxd5 3. Nc3 Qa5 4. d4 Nf6 5. Nf3 Bg4 6. Be2 c6 7. O-O Nbd7 8. Bf4 e6 9. Ne5 Bxe2 10. Qxe2 Nxe5 11. Qxe5 Qxe5 12. dxe5 Nd5 13. Nxd5 cxd5 14. Be3 b6 15. a4 Rd8 16. a5 d4 17. Bg5 Be7 18. Bxe7 Kxe7 19. axb6 axb6 20. Ra7+ Rd7 21. Rxd7+ Kxd7 22. Rd1 Ra8 23. Rxd4+ Ke7 24. Kf1 Ra5 25. f4 Rd5 26. Rxd5 exd5 27. Ke2 Ke6 28. Kd3 Kd7 29. Kd4 Kc6 30. f5 f6 31. e6 Kd6 32. g4 g5 33. b3 b5 34. b4 h6 35. h3 Kc6 36. e7 Kd7 37. Kxd5 Kxe7 38. Kc5 Kd7 39. Kxb5 Kd6 40. c4 Ke5 41. c5 Kf4 42. c6 Kg3 43. c7 Kxh3 44. c8=Q h5 45. gxh5 g4 46. Qc3+ Kh4 47. h6 g3 48. Qe1 Kh5 49. Qxg3 Kxh6 50. Qg6# 1-0

[Event "Delancey UK Schools 2019 U14"]
[Site "Daventry"]
[Date "2019.09.24"]
[Round "4.1"]
[White "Balaji, Aaravamudhan"]
[Black "Ratnesan, Ranesh"]
[Result "1-0"]
[ECO "D19"]
[WhiteElo "2086"]
[BlackElo "2180"]
[Annotator "ChessBase"]
[PlyCount "59"]
[EventDate "2019.09.24"]
[EventCountry "GBR"]
[SourceTitle "playchess.com"]
[Source "ChessBase"]
[SourceQuality "1"]
[TimeControl "40/5400+30:1800+30"]

1. d4 d5 2. c4 c6 3. Nc3 Nf6 4. Nf3 dxc4 5. a4 Bf5 6. e3 e6 7. Bxc4 Bb4 8. O-O Nbd7 9. Qe2 O-O 10. Rd1 Qc7 11. e4 Bg6 12. e5 Nd5 13. Bd2 Be7 14. Rac1 Qd8 15. Ne4 Rc8 16. Ne1 Qb6 17. Bc3 Rfd8 18. Nd3 Nxc3 19. bxc3 c5 20. d5 exd5 21. Bxd5 c4 22. Nf4 Nxe5 23. Rb1 Qa5 24. Bxb7 Rxd1+ 25. Rxd1 Rc7 26. Rb1 Bf8 27. h3 Qxa4 28. Nd5 Rd7 29. Nef6+ gxf6 30. Nxf6+ 1-0

[Event "Delancey UK Schools 2019 U14"]
[Site "Daventry"]
[Date "2019.09.24"]
[Round "4.2"]
[White "Hosdurga, Chirag"]
[Black "Sheikh, Samia Zannat"]
[Result "1/2-1/2"]
[ECO "E76"]
[WhiteElo "1786"]
[BlackElo "1512"]
[Annotator "NA"]
[PlyCount "97"]
[EventDate "2019.09.24"]
[EventCountry "GBR"]
[SourceTitle "playchess.com"]
[Source "ChessBase"]
[SourceQuality "1"]
[TimeControl "40/5400+30:1800+30"]

1. d4 c5 2. d5 d6 3. c4 g6 4. Nc3 Bg7 5. e4 Nf6 6. f4 a6 7. Nf3 Bg4 8. Be2 Nbd7 9. O-O O-O 10. h3 Bxf3 11. Bxf3 Qc7 12. Re1 Rab8 13. a4 Rfe8 14. Qd3 h5 15. Bd2 Rbd8 16. Rad1 Nh7 17. Be3 Qb6 18. Qc2 Qb4 19. Be2 Nb6 20. Na2 Qxb2 21. Qxb2 Bxb2 22. Rb1 Nxa4 23. Bd1 Nb6 24. Rxb2 Nxc4 25. Rxb7 Ra8 26. Bf2 Nf6 27. Ba4 Red8 28. Rxe7 Nb2 29. Bc6 Rab8 30. Bh4 Kg7 31. e5 dxe5 32. R1xe5 Nd3 33. Bxf6+ Kxf6 34. Re3 Nxf4 35. Nc3 Rb2 36. g4 hxg4 37. hxg4 Rg2+ 38. Kf1 Rh8 39. Ne4+ Kg7 40. Ng3 Rd2 41. Rf3 Rd4 42. Ne2 Rh1+ 43. Kf2 Rh2+ 44. Kg3 Rxe2 45. Rxe2 Nxe2+ 46. Kf2 Nc1 47. Kg3 Ne2+ 48. Kf2 Nc1 49. Kg3 1/2-1/2

[Event "Delancey UK Schools 2019 U14"]
[Site "Daventry"]
[Date "2019.09.24"]
[Round "4.3"]
[White "Clarke, Connor"]
[Black "Bansal, Saahil"]
[Result "1-0"]
[ECO "A45"]
[WhiteElo "1711"]
[BlackElo "1655"]
[Annotator "NA"]
[PlyCount "119"]
[EventDate "2019.09.24"]
[EventCountry "GBR"]
[SourceTitle "playchess.com"]
[Source "ChessBase"]
[SourceQuality "1"]
[TimeControl "40/5400+30:1800+30"]

1. d4 Nf6 2. Nc3 e6 3. Bf4 Bb4 4. Qd3 Nd5 5. Bd2 Bxc3 6. Bxc3 O-O 7. e4 Nxc3 8. Qxc3 d5 9. e5 Nd7 10. f4 Qe7 11. Qxc7 Qb4+ 12. Qc3 Qxc3+ 13. bxc3 Nb6 14. Bd3 Bd7 15. Kd2 Rfc8 16. Ne2 Nc4+ 17. Bxc4 Rxc4 18. Rab1 b6 19. Rb4 Rac8 20. Rhb1 Kf8 21. Rxc4 Rxc4 22. Rb4 Rc7 23. Nc1 Ke7 24. a4 Rc4 25. a5 b5 26. Nd3 Bc8 27. Rxb5 a6 28. Rc5 Rxc5 29. Nxc5 Kd8 30. c4 Kc7 31. cxd5 exd5 32. Kc3 Kc6 33. Kb4 g6 34. h3 h5 35. c3 Kc7 36. Na4 Kc6 37. Nb2 Bf5 38. Nd1 Be4 39. Ne3 h4 40. c4 dxc4 41. Kxc4 Bb1 42. d5+ Kc7 43. Kc5 Be4 44. d6+ Kb7 45. Kd4 Bc6 46. e6 fxe6 47. Ke5 Bd7 48. Kf6 Kc6 49. Ke7 Bc8 50. Nc4 g5 51. Nb6 Bd7 52. Nxd7 g4 53. Ne5+ Kb7 54. hxg4 h3 55. gxh3 Kc8 56. d7+ Kb7 57. d8=Q Ka7 58. Nc6+ Kb7 59. Qb6+ Kc8 60. Qb8# 1-0

[Event "Delancey UK Schools 2019 U14"]
[Site "Daventry"]
[Date "2019.09.24"]
[Round "4.4"]
[White "Kan, Toby"]
[Black "Cox, Toby"]
[Result "1/2-1/2"]
[ECO "A08"]
[WhiteElo "1714"]
[BlackElo "1616"]
[Annotator "NA"]
[PlyCount "124"]
[EventDate "2019.09.24"]
[EventCountry "GBR"]
[SourceTitle "playchess.com"]
[Source "ChessBase"]
[SourceQuality "1"]
[TimeControl "40/5400+30:1800+30"]

1. e4 e6 2. d3 c5 3. Nd2 Nc6 4. g3 g6 5. Bg2 Bg7 6. c3 Nge7 7. Ngf3 O-O 8. O-O d5 9. Re1 h6 10. Nf1 f5 11. exf5 exf5 12. h4 Kh7 13. Bf4 d4 14. c4 Ng8 15. Qd2 Nf6 16. Ne5 Bd7 17. Nxd7 Qxd7 18. Nh2 Nh5 19. a3 Nxf4 20. Nf3 Rae8 21. Qxf4 Bf6 22. Kf1 Nd8 23. b4 Ne6 24. Qd2 Qc7 25. Bh3 Re7 26. Re2 Rfe8 27. Rae1 b6 28. b5 Ng7 29. Rxe7 Rxe7 30. Rxe7 Qxe7 31. Qe2 Qxe2+ 32. Kxe2 g5 33. hxg5 hxg5 34. Bg2 Kg6 35. Nh2 Nh5 36. Nf1 Be5 37. a4 g4 38. Bh1 Kg5 39. Bb7 f4 40. gxf4+ Nxf4+ 41. Kd2 Nh3 42. Ke2 Kf4 43. Ng3 Bd6 44. Bh1 Be7 45. Bg2 Nxf2 46. Kxf2 Bh4 47. Kf1 Bxg3 48. Be4 Ke3 49. Kg2 Bf2 50. Bf5 g3 51. Be4 Kd2 52. Bf5 Kc3 53. Be4 Kd2 54. Bf5 Ke3 55. Be4 Kf4 56. Bh7 Ke3 57. Be4 Kd2 58. Bh7 Ke3 59. Be4 Kd2 60. Bh7 Ke3 61. Be4 Kd2 62. Bh7 Kc3 1/2-1/2

[Event "Delancey UK Schools 2019 U14"]
[Site "Daventry"]
[Date "2019.09.24"]
[Round "4.5"]
[White "Saunders, Aron"]
[Black "Volovich, Julia"]
[Result "1/2-1/2"]
[ECO "C01"]
[WhiteElo "1428"]
[BlackElo "1743"]
[Annotator "NA"]
[PlyCount "129"]
[EventDate "2019.09.24"]
[EventCountry "GBR"]
[SourceTitle "playchess.com"]
[Source "ChessBase"]
[SourceQuality "1"]
[TimeControl "40/5400+30:1800+30"]

1. e4 e6 2. d4 d5 3. exd5 exd5 4. c4 Nf6 5. Nc3 Be7 6. Nf3 O-O 7. Be3 Nc6 8. Bd3 Bg4 9. O-O Rb8 10. cxd5 Nxd5 11. Be4 Nf6 12. d5 Nxe4 13. dxc6 Nxc3 14. bxc3 bxc6 15. Qxd8 Rbxd8 16. Ne5 Bd7 17. Rad1 Be6 18. Nxc6 Rde8 19. Nxe7+ Rxe7 20. Bc5 Ree8 21. Bxf8 Kxf8 22. Rfe1 Rb8 23. Rd2 a6 24. f4 g6 25. h3 h5 26. Kf2 Rb6 27. Kg3 Rc6 28. Re3 Rc4 29. Rd8+ Ke7 30. Ra8 h4+ 31. Kxh4 Rxf4+ 32. Kg3 Ra4 33. Re2 Ra3 34. Kh2 Kd7 35. g4 Bxa2 36. h4 Be6 37. h5 Rxc3 38. hxg6 fxg6 39. g5 Rh3+ 40. Kg2 Rh4 41. Rxa6 Bc4 42. Rd2+ Ke7 43. Rxg6 Bf7 44. Rg7 Kf8 45. Kg3 Rh1 46. g6 Kxg7 47. gxf7 Rf1 48. f8=Q+ Kxf8 49. Rc2 Rf7 50. Rf2 Rxf2 51. Kxf2 Ke7 52. Ke3 Kd6 53. Kd4 Kc6 54. Kc4 Kb6 55. Kb4 c5+ 56. Kc4 Kc6 57. Kc3 Kb5 58. Kb3 c4+ 59. Kc3 Kc5 60. Kc2 Kd4 61. Kd2 c3+ 62. Kc2 Kc4 63. Kc1 Kd3 64. Kd1 c2+ 65. Kc1 1/2-1/2

[Event "Delancey UK Schools 2019 U14"]
[Site "Daventry"]
[Date "2019.09.24"]
[Round "4.6"]
[White "Woltery, Nicolai"]
[Black "Akeya-Price, Robert"]
[Result "1-0"]
[ECO "A18"]
[WhiteElo "1864"]
[BlackElo "1892"]
[Annotator "NA"]
[PlyCount "57"]
[EventDate "2019.09.24"]
[EventCountry "GBR"]
[SourceTitle "playchess.com"]
[Source "ChessBase"]
[SourceQuality "1"]
[TimeControl "40/5400+30:1800+30"]

1. c4 Nf6 2. Nc3 e6 3. e4 d5 4. cxd5 exd5 5. e5 Ng8 6. d4 c6 7. Bd3 Ne7 8. Nge2 g6 9. O-O Bg7 10. Ng3 Qb6 11. Bc2 O-O 12. b3 Na6 13. Na4 Qc7 14. Ba3 b6 15. Rc1 Qd8 16. Qd2 Nc7 17. Bd3 Bd7 18. f4 Rc8 19. f5 gxf5 20. Nxf5 Bxf5 21. Bxf5 Ne6 22. Qd3 h6 23. Rf3 Re8 24. Bh7+ Kf8 25. Rxf7+ Kxf7 26. Rf1+ Nf4 27. Rxf4+ Ke6 28. Qh3+ Nf5 29. Qxf5# 1-0

[Event "Delancey UK Schools 2019 U14"]
[Site "Daventry"]
[Date "2019.09.24"]
[Round "4.7"]
[White "Yoon, Jacob D"]
[Black "Saidmurodov, Shahjahon"]
[Result "1-0"]
[ECO "D00"]
[WhiteElo "2086"]
[BlackElo "1782"]
[Annotator "NA"]
[PlyCount "45"]
[EventDate "2019.09.24"]
[EventCountry "GBR"]
[SourceTitle "playchess.com"]
[Source "ChessBase"]
[SourceQuality "1"]
[TimeControl "40/5400+30:1800+30"]

1. d4 Nf6 2. Nc3 d5 3. Bf4 e6 4. Nb5 Bd6 5. Nxd6+ cxd6 6. Nf3 Nc6 7. e3 Qc7 8. Be2 e5 9. Bg5 Be6 10. Bxf6 gxf6 11. O-O e4 12. Nd2 f5 13. c4 dxc4 14. Nxe4 d5 15. Nf6+ Ke7 16. Nh5 b5 17. Nf4 a5 18. Rc1 b4 19. Qa4 Rhd8 20. Rfd1 Ra6 21. b3 Qd6 22. bxc4 Rda8 23. cxd5 1-0

[Event "Delancey UK Schools 2019 U14"]
[Site "Daventry"]
[Date "2019.09.24"]
[Round "4.8"]
[White "Ismail, Mohammed Aayan"]
[Black "Weersing, Abigail Riis"]
[Result "1-0"]
[ECO "E65"]
[WhiteElo "1583"]
[BlackElo "1734"]
[Annotator "NA"]
[PlyCount "69"]
[EventDate "2019.09.24"]
[EventCountry "GBR"]
[SourceTitle "playchess.com"]
[Source "ChessBase"]
[SourceQuality "1"]
[TimeControl "40/5400+30:1800+30"]

1. Nf3 Nf6 2. c4 g6 3. g3 Bg7 4. Bg2 d6 5. O-O O-O 6. Nc3 c5 7. d4 Nbd7 8. b3 Qb6 9. Bb2 cxd4 10. Na4 Qc7 11. Nxd4 a6 12. Rc1 Nc5 13. Nc3 Qb6 14. Nc2 Bf5 15. Ne3 Be4 16. Bxe4 Nfxe4 17. Ncd5 Qd8 18. Bxg7 Kxg7 19. b4 Ne6 20. Qd3 f5 21. Ng2 b5 22. Ngf4 Nxf4 23. Nxf4 Qd7 24. c5 Rad8 25. Qd5 Ng5 26. h4 e6 27. Qb3 e5 28. c6 Qc7 29. Nd5 Qf7 30. hxg5 f4 31. gxf4 exf4 32. Qb2+ Kg8 33. Nf6+ Kg7 34. Ng4+ Kg8 35. Nh6# 1-0

[Event "Delancey UK Schools 2019 U14"]
[Site "Daventry"]
[Date "2019.09.24"]
[Round "4.9"]
[White "Korsinskij, Nikolas"]
[Black "Sheikh, Anum"]
[Result "0-1"]
[ECO "B80"]
[WhiteElo "1502"]
[BlackElo "1755"]
[Annotator "NA"]
[PlyCount "76"]
[EventDate "2019.09.24"]
[EventCountry "GBR"]
[SourceTitle "playchess.com"]
[Source "ChessBase"]
[SourceQuality "1"]
[TimeControl "40/5400+30:1800+30"]

1. e4 c5 2. Nf3 e6 3. d4 cxd4 4. Nxd4 Nf6 5. Nc3 d6 6. Be3 a6 7. f3 b5 8. Qd2 Qc7 9. a4 b4 10. Na2 d5 11. Nxb4 dxe4 12. O-O-O Bb7 13. Be2 Be7 14. f4 Nbd7 15. g4 Nd5 16. Nxd5 exd5 17. Nf5 Bf8 18. Bd4 f6 19. g5 O-O-O 20. Rhg1 fxg5 21. Rxg5 Nc5 22. Nxg7 Nb3+ 23. Kb1 Nxd2+ 24. Rxd2 Qxf4 25. Bg4+ Rd7 26. Bxd7+ Kxd7 27. Rdg2 Qf1+ 28. Ka2 Qc4+ 29. b3 Qxd4 30. Nf5 Qb6 31. Ng7 Bxg7 32. Rxg7+ Kc8 33. Rf7 d4 34. Rgg7 e3 35. Rxh7 Rxh7 36. Rxh7 Qg6 37. Rh8+ Kc7 38. Kb2 e2 0-1

[Event "Delancey UK Schools 2019 U14"]
[Site "Daventry"]
[Date "2019.09.24"]
[Round "4.12"]
[White "Anika Rachna Roy"]
[Black "Dicen, Imogen"]
[Result "0-1"]
[ECO "E70"]
[WhiteElo "1392"]
[BlackElo "1509"]
[Annotator "NA"]
[PlyCount "56"]
[EventDate "2019.09.24"]
[EventCountry "GBR"]
[SourceTitle "playchess.com"]
[Source "ChessBase"]
[SourceQuality "1"]
[TimeControl "40/5400+30:1800+30"]

1. d4 Nf6 2. c4 c5 3. d5 g6 4. Nc3 Bg7 5. e4 d6 6. Nge2 a6 7. Ng3 Nbd7 8. Be2 Qc7 9. O-O O-O 10. Bd2 Rb8 11. a3 b6 12. Qc2 Re8 13. b4 Bb7 14. Rab1 Ba8 15. Be3 Rec8 16. f4 Re8 17. Qd3 Rbd8 18. Qd2 e6 19. Qa2 exd5 20. bxc5 Nxc5 21. cxd5 Rb8 22. Bf3 h5 23. h4 Nfd7 24. Nce2 Qd8 25. Bxc5 Nxc5 26. Qc4 b5 27. Qc2 Qe7 28. Nc3 Bd4+ 0-1